 Dungeon Crawl Stone Soup version 0.29.0-4-gdea44cf6ec (webtiles) character file.

Game seed: 16617897257552376850

599 qw the Cleaver (level 7, -5/41 HPs)
             Began as a Tengu Warper on Aug 28, 2022.
             Was an Initiate of Okawaru.
             Killed from afar by Pikel (9 damage)
             ... with a puff of flame
             ... on level 4 of the Dungeon.
             The game lasted 00:00:26 (4215 turns).

qw the Cleaver (Tengu Warper)                       Turns: 4215, Time: 00:00:26

Health: -5/41      AC: 10    Str: 13    XL:     7   Next: 41%
Magic:  11/11      EV:  7    Int: 13    God:    Okawaru [......]
Gold:   180        SH:  0    Dex: 14    Spells: 10/10 levels left

rFire   . . .      SeeInvis .   Y - +0 war axe
rCold   . . .      Faith    .   (no shield)
rNeg    . . .      Spirit   .   h - +0 chain mail
rPois   +          Reflect  .   (helmet restricted)
rElec   .          Harm     .   (no cloak)
rCorr   .          Rampage  .   n - +1 pair of gloves
Will    +....                   (boots unavailable)
Stlth   ..........              (no amulet)
HPRegen 0.13/turn               g - ring of poison resistance
MPRegen 0.12/turn               p - ring of willpower

@: flying quickly and evasively, quick
A: beak, talons 3, nimble flight
a: Renounce Religion


You were on level 4 of the Dungeon.
You worshipped Okawaru.
Okawaru was noncommittal.
You visited 2 branches of the dungeon, and saw 5 of its levels.

You collected 180 gold pieces.


Innate Abilities, Weirdness & Mutations

You have a beak for a mouth.
You have claws for feet.
Your magical nature lets you fly swiftly and evasively.


   Skills:
 - Level 3.0 Fighting
 - Level 8.1 Axes
 - Level 1.0 Throwing
 + Level 2.4 Armour
 - Level 2.1 Dodging
 - Level 2.0 Spellcasting
 - Level 2.4 Translocations


You had 10 spell levels left.
You didn't know any spells.
Your spell library contained the following spells:

 Spells                   Type           Power      Damage    Failure   Level
 Blink                    Tloc           14%        N/A       99%         2
 Gell's Gravitas          Tloc           7%         N/A       100%        3
 Lesser Beckoning         Tloc           7%         N/A       100%        3
 Teleport Other           Tloc           7%         N/A       100%        3
 Manifold Assault         Tloc           7%         N/A       100%        5

Inventory:

Hand Weapons
 l - a +0 whip
 Y - a +0 war axe (weapon)
Armour
 h - a +0 chain mail (worn)
 n - a +1 pair of gloves (worn)
Jewellery
 g - a ring of poison resistance (left hand)
 p - a ring of willpower (right hand)
Scrolls
 s - a scroll of identify
Potions
 b - a potion of flight {unknown}
 c - a potion of heal wounds {unknown}
 d - a potion of degeneration {unknown}
 e - a potion of mutation {unknown}
 i - a potion of might
 j - a potion of berserk rage {unknown}
 k - a potion of haste {unknown}
 m - a potion of curing
 o - a potion of magic {unknown}
 q - a potion of brilliance {unknown}

Dungeon Overview and Level Annotations

Branches:
Dungeon (4/15)             Temple (1/1) D:4

Altars:
Ashenzari
Dithmenos
Gozag
Okawaru
Qazlal
Ru
Sif Muna
Uskayaw
Vehumet
Wu Jian
Xom
Yredelemnul
Zin
The Shining One

Annotations:
D:4 Pikel


Message History

You closely miss the lemure. You claw the lemure. Your peck misses the lemure.
The lemure is heavily wounded.
You barely miss the giant cockroach. You hit Pikel but do no damage.
The giant cockroach completely misses you.
The lemure barely misses you.
Pikel hits you with a +0 whip of flaming!
Pikel burns you.
You barely miss the lemure. Your peck misses the lemure.
The lemure is heavily wounded.
You barely miss Pikel. You hit the lemure but do no damage.
You closely miss the giant cockroach.
The giant cockroach bites you but does no damage.
Pikel hits you with a +0 whip of flaming.
Pikel burns you. The lemure closely misses you. The lemure barely misses you.
The giant cockroach bites you but does no damage.
You slash the lemure!
The lemure is almost dead.
You barely miss the lemure. You hit the giant cockroach.
You hit Pikel but do no damage.
The lemure hits you but does no damage. x2
Pikel hits you with a +0 whip of flaming!
Pikel burns you. The giant cockroach closely misses you.
You hit the lemure. Your kick misses the lemure.
The lemure is almost dead.
You slash the giant cockroach!
You kill the giant cockroach!
Okawaru accepts your kill.
You closely miss Pikel. You hit the lemure.
Pikel zaps a wand.
The puff of flame hits you!
A lemure comes into view.
The lemure hits you. The lemure hits you but does no damage.
The hound bites you but does no damage.
The lemure shouts!
You hit the lemure.
You kill the lemure!
That felt strangely unrewarding.
You hit Pikel but do no damage. You slash the lemure!
You closely miss the hound.
You hear a shout!
Pikel zaps a wand.
The puff of flame hits you!
You die...

.....#..(...........#
.....#..#.###.#######
.....#..#............
.....#..#.....######.
.#####..#.#..........
.# #..#.#.#.######.
.#####..#.#.#..###.#
..##....#.#.#<[..5.#
.....#..#.#.#...@h.#
.....#..#.#.##.K#..#
...#.#### ##..#.#
.....# ##..... .....#
5...#... ...#.#
........... .....#
..KB..###..# .....#
#...5 .# ..# ...#.#
#.h.. .# >#


You could see Pikel, a lemure and a hound.

Vanquished Creatures
  Sigmund (D:2)
  Menkaure (D:4)
  A lemure (D:4)
  A scorpion (D:4)
  An orc priest (D:3)
  Jessica (D:2)
  2 orc wizards (D:3)
  Terence (D:2)
  3 adders (D:3)
  2 dart slugs (D:2)
  5 orcs (D:3)
  8 endoplasms
  8 giant cockroaches
  6 goblins
  3 hobgoblins
  3 jackals (D:1)
  5 kobolds
  3 quokkas
  14 ball pythons
  7 bats
  3 frilled lizards
  5 rats
84 creatures vanquished.

Vanquished Creatures (others)
  An orc wizard (D:3)
  6 plants (D:1)
7 creatures vanquished.

Grand Total: 91 creatures vanquished

Notes
Turn   | Place    | Note
-------+----------+-------------------------------------------
     0 | D:1      | qw the Tengu Warper began the quest for the Orb.
     0 | D:1      | Reached XP level 1. HP: 12/12 MP: 4/4
     0 | D:1      | 0 ||| qw: Version: 0.1-a-89-g26bdef1
     0 | D:1      | 0 ||| qw: Game counter: 1468
     0 | D:1      | 0 ||| qw: Always use a shield: true
     0 | D:1      | 0 ||| qw: God list: Okawaru
     0 | D:1      | 0 ||| qw: Allow faded altars: false
     0 | D:1      | 0 ||| qw: Do Orc after D:15 true
     0 | D:1      | 0 ||| qw: Do second Lair branch before Depths: true
     0 | D:1      | 0 ||| qw: Lair rune preference: random
     0 | D:1      | 0 ||| qw: Plans: Normal
     0 | D:1      | 0 ||| PLANNING D:1-11
    42 | D:1      | 42 ||| Stepping ~*~*~tactically~*~*~ (stealth).
    56 | D:1      | 56 ||| DROPPING scroll of blinking.
    57 | D:1      | 57 ||| Stepping randomly (stuck).
   119 | D:1      | Reached skill level 3 in Axes
   119 | D:1      | Reached XP level 2. HP: 17/17 MP: 6/6
   378 | D:1      | 378 ||| Stepping ~*~*~tactically~*~*~ (stealth).
   785 | D:1      | 785 ||| Stepping ~*~*~tactically~*~*~ (stealth).
   786 | D:1      | 786 ||| Stepping ~*~*~tactically~*~*~ (stealth).
   788 | D:1      | 788 ||| Stepping ~*~*~tactically~*~*~ (stealth).
   871 | D:1      | Found a faded altar of an unknown god.
   898 | D:1      | Reached XP level 3. HP: 21/21 MP: 7/7
   918 | D:1      | 918 ||| UPGRADING to +0 ring mail.
   928 | D:1      | 928 ||| DROPPING +0 leather armour.
   929 | D:1      | 929 ||| UPGRADING to ring of poison resistance.
   930 | D:1      | 930 ||| READING scroll labelled ROTEOC ZIGGUW.
   934 | D:1      | 934 ||| READING scroll labelled IWNEUJ PANYG.
   935 | D:1      | 935 ||| READING scroll labelled QIMPECSOATU.
   936 | D:1      | 936 ||| READING scroll labelled CODIDE BACYOMO.
   937 | D:1      | 937 ||| READING scroll labelled HAGRAXTAESO.
  1060 | D:1      | 1060 ||| DRINKING 2 silvery potions.
  1111 | D:2      | 1111 ||| FLEEEEING.
  1119 | D:2      | 1119 ||| FLEEEEING.
  1122 | D:2      | 1122 ||| FLEEEEING.
  1123 | D:2      | 1123 ||| FLEEEEING.
  1124 | D:2      | 1124 ||| FLEEEEING.
  1136 | D:2      | 1136 ||| FLEEEEING.
  1142 | D:2      | 1142 ||| STAIRDANCE
  1254 | D:2      | 1254 ||| Stepping ~*~*~tactically~*~*~ (stealth).
  1257 | D:2      | 1257 ||| Stepping ~*~*~tactically~*~*~ (hiding).
  1442 | D:2      | Reached skill level 4 in Axes
  1562 | D:2      | Noticed Sigmund
  1574 | D:2      | Killed Sigmund
  1575 | D:2      | Reached skill level 6 in Axes
  1575 | D:2      | Reached XP level 4. HP: 12/26 MP: 8/8
  1575 | D:2      | Gained mutation: Your magical nature lets you fly swiftly
                  | and evasively. [Tengu growth]
  1575 | D:2      | Reached XP level 5. HP: 14/30 MP: 9/9
  1792 | D:2      | 1792 ||| Stepping ~*~*~tactically~*~*~ (stealth).
  1851 | D:2      | Noticed Terence
  1856 | D:2      | 1856 ||| Stepping ~*~*~tactically~*~*~ (stealth).
  1862 | D:2      | Killed Terence
  1863 | D:2      | Reached XP level 6. HP: 29/35 MP: 10/10
  1907 | D:2      | 1907 ||| Stepping ~*~*~tactically~*~*~ (stealth).
  2018 | D:2      | 2018 ||| Stepping ~*~*~tactically~*~*~ (stealth).
  2067 | D:2      | Noticed Jessica
  2068 | D:2      | 2068 ||| Stepping ~*~*~tactically~*~*~ (hiding).
  2070 | D:2      | 2070 ||| Stepping ~*~*~tactically~*~*~ (hiding).
  2079 | D:2      | Killed Jessica
  2106 | D:2      | 2106 ||| Stepping ~*~*~tactically~*~*~ (stealth).
  2457 | D:2      | 2457 ||| UPGRADING to +0 scale mail.
  2467 | D:2      | 2467 ||| DROPPING +0 ring mail.
  2468 | D:2      | 2468 ||| READING scroll labelled QAAKHL UMUONI.
  2469 | D:2      | 2469 ||| READING scroll labelled DOSEZEQ PASH.
  2470 | D:2      | 2470 ||| DRINKING 2 blue potions.
  2499 | D:3      | Reached skill level 7 in Axes
  2628 | D:3      | Reached skill level 3 in Fighting
  2722 | D:3      | 2722 ||| Stepping ~*~*~tactically~*~*~ (stealth).
  2826 | D:3      | 2826 ||| SWAPPING to +0 war axe.
  2827 | D:3      | 2827 ||| DROPPING +0 hand axe.
  2843 | D:3      | Found a broken altar of Ashenzari.
  2995 | D:3      | 2995 ||| UPGRADING to +0 chain mail.
  3005 | D:3      | 3005 ||| DROPPING +0 scale mail.
  3006 | D:3      | 3006 ||| UPGRADING to +1 pair of gloves.
  3011 | D:3      | 3011 ||| UPGRADING to ring of willpower.
  3012 | D:3      | 3012 ||| READING scroll labelled IVIZ RA ASK.
  3013 | D:3      | 3013 ||| READING scroll labelled GUNAPH KITOANO.
  3112 | D:4      | Reached XP level 7. HP: 41/41 MP: 11/11
  3122 | D:4      | 3122 ||| Stepping randomly (stuck).
  3126 | D:4      | Found an ornate altar of the Wu Jian Council.
  3129 | D:4      | 3129 ||| Stepping randomly (stuck).
  3130 | D:4      | 3130 ||| Stepping randomly (stuck).
  3152 | D:4      | 3152 ||| Stepping ~*~*~tactically~*~*~ (stealth).
  3212 | D:4      | Noticed Menkaure
  3217 | D:4      | Killed Menkaure
  3218 | D:4      | Reached skill level 8 in Axes
  3624 | D:4      | Found a staircase to the Ecumenical Temple.
  3625 | D:4      | 3625 ||| PLANNING TEMPLE
  3633 | Temple   | Entered the Ecumenical Temple
  3721 | Temple   | Became a worshipper of Warmaster Okawaru
  4127 | Temple   | 4127 ||| PLANNING D:1-11
  4203 | D:4      | Noticed Pikel
  4204 | D:4      | 4204 ||| Stepping ~*~*~tactically~*~*~ (hiding).
  4214 | D:4      | HP: 5/41 [Pikel/puff of flame (9)]
  4215 | D:4      | Killed from afar by Pikel

Levels and vault maps discovered:
D:1:      erik_arrival_cave_to_civilisation [erik_arrival_cave_to_hall],
          layout_basic, shapermc_ecumenical_altar_hornbeckon
D:2:      layout_loops_corners, serial_glass, glass_columns_b, glass_columns_a,
          uniq_jessica, uniq_sigmund, uniq_terence
D:3:      layout_rooms, ashenzari_altar_1
D:4:      layout_basic, mainiacjoe_overflow_alcove_4, temple_hall,
          kennysheep_pointless_box, saegor_snake_ambush, uniq_natasha,
          uniq_pikel, uniq_menkaure
Temple:   chequers_temple_sunken

Skill      XL: |  1  2  3  4  5  6  7 |
---------------+----------------------+-----
Axes           | 3 6 7 8 |  8.1
Fighting       | 3 |  3.0
Armour         | 2 |  2.4
Throwing       | |  1.0
Dodging        | |  2.1
Spellcasting   | |  2.0
Translocations | |  2.4

Action                   |  1- 3 |  4- 6 |  7- 9 || total
-------------------------+-------+-------+-------++-------
Melee: Hand axe          |    53 |    86 |       ||   139
       Kick              |    10 |    27 |     7 ||    44
       Peck              |     9 |    21 |     5 ||    35
       War axe           |       |    19 |    24 ||    43
       Punch             |       |       |     1 ||     1
Throw: Boomerang         |     7 |       |       ||     7
  Use: Scroll            |     5 |     4 |       ||     9
       Potion            |     1 |     1 |       ||     2
Armor: Leather armour    |    11 |       |       ||    11
       Ring mail         |     5 |    12 |       ||    17
       Scale mail        |       |    38 |       ||    38
       Chain mail        |       |     4 |    18 ||    22
Dodge: Dodged            |    25 |    47 |     7 ||    79

Table legend:
 A = Non-vault XP
 B = Vault XP
 C = Vault XP percentage of total XP
 D = Non-vault monster count
 E = Vault monster count
 F = Vault count percentage of total count
                 A         B        C        D         E       F
            +---------+---------+-------+---------+---------+-------
      Total |     381 |     476 |  55.5 |      77 |       7 |   8.3
            +---------+---------+-------+---------+---------+-------
        D:1 |      31 |       3 |   8.8 |      18 |       2 |  10.0
        D:2 |      43 |     300 |  87.5 |      24 |       3 |  11.1
        D:3 |     212 |       0 |   0.0 |      26 |       0 |   0.0
        D:4 |      95 |     173 |  64.6 |       9 |       2 |  18.2
            +---------+---------+-------+---------+---------+-------
